Map: [ESL] Hard Lead

Players

Stats

  • Race: Protoss Protoss
  • League: Master
  • Spawn Location: 5:00

DKZDark (Dark) - Winner!

  • Race: Zerg Zerg
  • League: Master
  • Spawn Location: 11:00

Event: IEM Katowice 2024

VOD

Have the link to the VOD?

Description

Time

  • Played on: Dec. 6, 2023, 4:36 a.m.
  • Length: 6:14

All games in this series

Show
View Real Time Build Order
Export as new Build Order

Stats Protoss 

Build Orders: 1 Gate Expand 

Get SALT Encoding   

  12  0:00  Probe  
  13  0:16  Pylon  
  13  0:17  Probe (Chrono Boost)  
  15  0:28  Probe (Chrono Boost)  
  15  0:33  Probe (Chrono Boost)  
  16  0:42  Gateway  
  16  0:43  Probe  
  16  0:48  Assimilator  
  17  0:55  Probe  
  18  1:07  Probe  
  19  1:20  Probe  
  20  1:30  Nexus  
  20  1:36  Cybernetics Core  
  20  1:39  Probe  
  21  1:45  Pylon  
  21  1:51  Probe  
  22  2:03  Probe  
  23  2:10  Adept (Chrono Boost)  
  23  2:11  Probe  
  23  2:12  Warp Gate  
  26  2:18  Assimilator  
  26  2:19  Probe  
  26  2:29  Probe  
  27  2:33  Adept  
  30  2:42  Probe (Chrono Boost)  
  32  2:44  Twilight Council  
  32  2:47  Probe (Chrono Boost)  
  33  2:51  Probe (Chrono Boost)  
  33  2:55  Probe (Chrono Boost)  
  33  2:56  Probe (Chrono Boost)  
  35  2:58  Gateway  
  35  3:02  Gateway  
  37  3:08  Stalker  
  37  3:09  Probe  
  37  3:10  Probe  
  39  3:19  Pylon  
  39  3:21  Probe  
  39  3:22  Probe  
  39  3:24  Resonating Glaives (Chrono Boost)  
  41  3:33  Probe  
  42  3:34  Probe  
  42  3:38  Pylon  
  43  3:45  Probe  
  43  3:46  Probe  
  45  3:53  Pylon  
  45  3:58  Probe x2  
  45  4:00  Adept x2  
  45  4:01  Adept  
  53  4:05  Nexus  
  53  4:10  Pylon  
  53  4:15  Assimilator  
  55  4:18  Assimilator  
  55  4:22  Adept x2  
  55  4:23  Adept  
  59  4:25  Probe x2  
  61  4:37  Probe x2  
  63  4:39  Dark Shrine  
  63  4:50  Probe x2  
  65  4:55  Robotics Facility  
  65  5:02  Probe (Chrono Boost), Forge  
  65  5:05  Probe (Chrono Boost)  
  67  5:10  Shield Battery  
  67  5:14  Probe (Chrono Boost), Gateway  
  69  5:15  Shield Battery  
  69  5:19  Probe (Chrono Boost)  
  69  5:20  Probe (Chrono Boost)  
  71  5:22  Probe (Chrono Boost)  
  71  5:24  Stalker x2  
  71  5:26  Stalker  
  71  5:27  Probe (Chrono Boost)  
  79  5:29  Probe (Chrono Boost)  
  79  5:33  Probe  
  79  5:35  Probe  
  81  5:38  Probe  
  83  5:43  Observer  
  83  5:44  Pylon  
  83  5:47  Gateway  
  83  5:48  Probe x2, Gateway  
  85  5:50  Probe  
  85  5:52  Dark Templar  
  82  6:04  Stalker x2  
Show
View Real Time Build Order
Export as new Build Order

DKZDark Zerg - Winner!

Build Orders: Hatch First 

Get SALT Encoding   

  12  0:00  Drone  
  13  0:12  Overlord  
  13  0:17  Drone  
  14  0:31  Drone x2  
  14  0:35  Drone  
  17  0:55  Hatchery  
  17  0:56  Drone  
  17  1:01  Drone  
  18  1:23  Drone x2  
  18  1:25  Spawning Pool, Extractor  
  18  1:29  Drone  
  19  1:40  Drone, Extractor  
  19  1:52  Drone  
  20  2:01  Overlord  
  20  2:11  Queen  
  20  2:12  Queen  
  20  2:13  Zergling x4  
  26  2:19  Drone  
  26  2:22  Drone  
  28  2:26  Metabolic Boost  
  28  2:29  Drone  
  29  2:33  Drone  
  30  2:40  Drone  
  30  2:43  Drone  
  32  2:49  Hatchery  
  31  2:54  Queen  
  33  3:00  Overlord  
  33  3:02  Drone  
  33  3:03  Drone  
  33  3:05  Drone  
  36  3:18  Queen  
  38  3:20  Drone x3  
  38  3:21  Overlord  
  38  3:23  Drone  
  38  3:27  Drone  
  43  3:28  Drone  
  44  3:38  Overlord  
  46  3:42  Drone x2  
  46  3:47  Roach Warren, Zergling x4  
  47  3:52  Drone x3  
  50  3:58  Overlord  
  50  4:03  Drone x2  
  50  4:04  Drone  
  50  4:05  Extractor  
  50  4:06  Extractor, Zergling x4  
  53  4:10  Overlord  
  53  4:13  Drone  
  53  4:14  Zergling x2  
  55  4:23  Zergling x4  
  57  4:30  Lair  
  57  4:31  Zergling x8  
  61  4:35  Spore Crawler  
  60  4:41  Roach x3  
  60  4:43  Roach  
  60  4:44  Zergling x8  
  72  4:51  Roach  
  74  4:54  Overlord  
  74  4:55  Overlord  
  74  5:04  Overlord  
  74  5:13  Zergling x16  
  82  5:20  Overlord  
  82  5:27  Ravager x4  
  86  5:29  Zergling x2  
  86  5:30  Zergling x8  
  86  5:31  Ravager  
  92  5:37  Zergling x8  
  92  5:38  Zergling x4  
  92  5:39  Overseer  
  98  5:44  Zergling x2  
  98  5:45  Zergling x8  
  102  5:51  Zergling x6  

Tags
 
Add a new tag
Caveats
  • Supply blocks, unpowered buildings, or Contaminate may cause inaccurate times.
  • Supply counts are checked every 10 seconds.